AoeStats
← Gaster

Arabia

510138265Analyzed
1v1 RM · 3d ago on Sep 29, 2026· 42m 0s· 2 players
Game mode
Random Map
Map size
Tiny (2 player)
Population
200
Speed
Normal
Resources
Standard
Victory
Conquest
Starting age
Dark Age
Ending age
Imperial Age
RankedLock teamsTeams togetherTeam positionsShared explorationLock speedFull tech treeHidden civsTurbo modeCheats
Victory
Defeat
🇬🇧 Franks · United Kingdom
822
+17
🇩🇪 Saxons · Germany
836
-17
Gaster
6:44 Loom
9:51 Feudal Age
10:54 Double-Bit Axe
13:38 Scale Barding Armor
16:29 Fletching
23:14 Castle Age
22:26 Forging
24:56 Wheelbarrow
24:07 Town Watch
24:44 Bow Saw
26:22 Hand Cart
27:08 Hand Cart
26:53 Town Patrol
29:01 Chain Barding Armor
29:43 Iron Casting
34:22 Imperial Age
31:57 Gold Mining
31:57 Stone Mining
32:16 Bodkin Arrow
33:36 Husbandry
34:43 Gold Shaft Mining
34:36 Cavalier
35:53 Plate Barding Armor
36:18 Blast Furnace
37:25 Ballistics
41:07 Paladin
Jochen
7:02 Loom
9:41 Feudal Age
10:35 Double-Bit Axe
13:15 Fletching
13:53 Horse Collar
24:49 Castle Age
24:46 Padded Archer Armor
25:16 Pikeman
25:30 Crossbowman
26:35 Bow Saw
27:13 Thumb Ring
27:21 Bodkin Arrow
29:07 Wheelbarrow
28:42 Squires
29:19 Gold Mining
31:52 Arson
32:28 Leather Archer Armor
32:39 Heavy Plow
32:54 Stone Mining
35:08 Hand Cart
34:39 Town Watch
35:57 Scale Mail Armor
35:35 Clerical Recruitment
39:38 Imperial Age
40:34 Arbalester
Connection lost

Rejoining the realm…

Still unreachable

The connection could not be restored.

Session expired

The server has moved on; the page needs a fresh start.